 Dungeon Crawl Stone Soup version 0.24.0-1-gfbc8707 (webtiles) character file.

Game seed: 7730327184651279854, levelgen mode: deterministic

127 Salanewt the Chiller (level 5, -6/40 HPs)
             Began as a Barachi Ice Elementalist on Nov 1, 2019.
             Killed by divine providence
             ... invoked by an orc priest
              (13 damage)
             ... on level 3 of the Dungeon.
             The game lasted 00:08:57 (2047 turns).

Salanewt the Chiller (Barachi Ice Elementalist)     Turns: 2047, Time: 00:09:00

Health: -6/40      AC:  2    Str: 10    XL:     5   Next: 11%
Magic:  0/9        EV: 12    Int: 16    God:
Gold:   101        SH:  0    Dex: 12    Spells: 2/10 levels left

rFire    . . .     SeeInvis .   g - +0 dagger
rCold    . . .     Gourm    .   (no shield)
rNeg     . . .     Faith    .   a - +0 robe
rPois    .         Spirit   .   (no helmet)
rElec    .         Reflect  .   (no cloak)
rCorr    .         Harm     .   (no gloves)
MR       .....                  (no boots)
Stlth    ++........             (no amulet)
HPRegen  0.13/turn              (no ring)
MPRegen  0.11/turn              (no ring)

@: slow
A: +LOS, swims, slowness 1, strong legs 1
a: Hop


You were on level 3 of the Dungeon.
You were not hungry.

You visited 1 branch of the dungeon, and saw 3 of its levels.

You collected 101 gold pieces.

Inventory:

Hand Weapons
 g - a +0 dagger (weapon)
Armour
 a - a +0 robe (worn)
Jewellery
 f - an uncursed ring of stealth {unknown}
Scrolls
 b - a scroll of identify
 k - a scroll of remove curse
Potions
 d - 2 potions of degeneration
 h - a potion of flight {unknown}
 i - a potion of haste {unknown}
 l - a potion of berserk rage {unknown}
 m - a potion of heal wounds {unknown}
Comestibles
 c - 4 rations
 j - 11 chunks of flesh


   Skills:
 + Level 2.8 Fighting
 - Level 2.1 Dodging
 - Level 1.7 Stealth
 + Level 3.3 Spellcasting
 * Level 2.0 Conjurations
 + Level 4.7 Ice Magic


You had 2 spell levels left.
You knew the following spells:

 Your Spells              Type           Power        Failure   Level  Hunger
a - Freeze                Ice            ###.         2%          1    None
b - Throw Icicle          Conj/Ice       ##......     41%         4    ####...
c - Ozocubu's Armour      Chrm/Ice       ##......     21%         3    ###....

Your spell library contained the following spells:

 Spells                   Type           Power        Failure   Level  Hunger
 Throw Frost              Conj/Ice       ##....       7%          2    ##.....
 Summon Ice Beast         Ice/Summ       ##......     56%         4    ####...


Dungeon Overview and Level Annotations

Branches:
Dungeon (3/15)

Altars:


Innate Abilities, Weirdness & Mutations

Shadows flee at your approach. (+LOS)
You can swim through water.
You cover ground slowly.
You can hop short distances.


Message History

A dart slug comes into view.
The goblin hits the plant but does no damage.
Casting: Freeze (safe; 2% risk of failure)
Confirm with . or Enter, or press ? or * to list all spells.
You don't have enough magic to cast that spell.
Unknown command.
You hit the orc priest.
The orc priest is almost dead.
The orc priest hits you with a +0 falchion.
* * * LOW HITPOINT WARNING * * *
The rat bites you.
* * * LOW HITPOINT WARNING * * *
The goblin hits the plant with a +0 dagger.
You hit the orc priest but do no damage.
The orc priest is almost dead.
The rat bites you.
* * * LOW HITPOINT WARNING * * *
The orc priest calls down the wrath of Beogh upon you.
Beogh smites you!
You die...

....##...♣♣ ≈.
...≈≈P≈≈≈≈P♣♣♣ ≈≈≈
#...P≈≈≈≈≈P≈≈♣♣ ≈wP#
#...≈≈P≈≈≈≈≈≈≈≈
P..###...≈≈≈PP≈≈≈≈≈≈≈
#........≈P≈≈≈≈≈≈≈≈≈
##.
###..>.....≈≈≈≈≈≈≈≈≈≈P
... #.
.......roPP≈≈≈≈≈≈≈≈≈≈≈
### #.
#.....@P≈PP≈≈≈≈≈≈≈P♣ .
#.......≈≈≈P≈≈≈≈≈≈♣
.##
####...≈P≈≈≈PPgP≈≈♣
..# #...≈P≈≈P≈P≈≈♣♣♣
#.# #...###...♣♣♣♣ #.#
#.........# #.#
#.#########
######.#######.#
.......#.......#


You could see an orc priest, a dart slug, a goblin and a rat.

Vanquished Creatures
  Jessica (D:2)
  4 adders
  2 worms (D:2)
  3 dart slugs
  4 orcs (D:3)
  A ball python (D:1)
  2 giant cockroaches
  7 hobgoblins
  2 jackals (D:3)
  5 kobolds
  2 quokkas
  7 bats
  2 frilled lizards
  3 goblins
  3 rats (D:1)
48 creatures vanquished.

Notes
Turn   | Place    | Note
-------+----------+-------------------------------------------
     0 | D:1      | Salanewt the Barachi Ice Elementalist began the quest for
                  | the Orb.
     0 | D:1      | Reached XP level 1. HP: 13/13 MP: 3/3
   188 | D:1      | Reached XP level 2. HP: 16/20 MP: 0/5
   249 | D:1      | Reached skill level 1 in Fighting
   465 | D:1      | Reached skill level 4 in Ice Magic
   675 | D:2      | Reached XP level 3. HP: 19/27 MP: 4/7
   946 | D:2      | Noticed Jessica
   954 | D:2      | Killed Jessica
   954 | D:2      | Reached XP level 4. HP: 25/34 MP: 3/8
  1079 | D:2      | Learned a level 4 spell: Throw Icicle
  1083 | D:2      | Learned a level 3 spell: Ozocubu's Armour
  1976 | D:3      | Reached XP level 5. HP: 37/40 MP: 5/9
  2047 | D:3      | Killed from afar by an orc priest

Levels and vault maps discovered:
D:1:      saegor_arrival_simple_a, layout_loops_ring
D:2:      layout_basic, uniq_jessica
D:3:      layout_loops_cross, first_ration, serial_bayou, serial_bayou_pond_b,
          serial_bayou_shore_a, serial_bayou_pond_b, serial_bayou_lake_a,
          serial_bayou_crossing, serial_bayou_pond_e, minmay_misc_feat_cross,
          trog_eyes_of_draining

Skill      XL: |  1  2  3  4  5 |
---------------+----------------+-----
Fighting       | 1 2 |  2.8
Ice Magic      | 4 |  4.7
Spellcasting   | 3 |  3.3
Conjurations   | 2 |  2.0
Dodging        | |  2.1
Stealth        | |  1.7

Action                   |  1- 3 |  4- 6 || total
-------------------------+-------+-------++-------
Melee: Unarmed           |     5 |       ||     5
       Dagger            |    16 |    13 ||    29
 Cast: Freeze            |    38 |    54 ||    92
  Use: Scroll            |       |     4 ||     4
       Potion            |       |     1 ||     1
 Stab: Sleeping          |     1 |       ||     1
  Eat: Chunk             |     1 |     4 ||     5
Armor: Robe              |    10 |    12 ||    22
Dodge: Dodged            |    35 |    28 ||    63
